 Dungeon Crawl Stone Soup version 0.22-a0-866-geee5034 (webtiles) character file.

2174 Amnesiac the Thaumaturge (level 9, -5/65 HPs)
             Began as a Mummy Wizard on July 28, 2018.
             Was a Follower of Vehumet.
             Killed from afar by Harold (17 damage)
             ... with a harpoon shot
             ... on level 7 of the Dungeon.
             The game lasted 00:24:24 (8683 turns).

Amnesiac the Thaumaturge (Mummy Wizard)             Turns: 8683, Time: 00:24:25

Health: -5/65      AC: 13    Str: 10    XL:     9   Next: 11%
Magic:  24/24      EV: 15    Int: 21    God:    Vehumet [*.....]
Gold:   147        SH:  0    Dex: 13    Spells: 11/31 levels left

rFire    . . .     SeeInvis .   b - +0 trident
rCold    + + .     Gourm    .   (no shield)
rNeg     + + +     Faith    .   u - +2 robe {rC+ rF+}
rPois    ∞         Spirit   .   d - +1 helmet of the Sky {MR+}
rElec    .         Reflect  .   (no cloak)
rCorr    .         Harm     .   o - +1 pair of gloves {Dex+3}
MR       +++..                  e - +0 pair of boots (curse)
Stlth    ++........             (no amulet)
HPRegen  0.20/turn              k - ring of protection from magic
MPRegen  0.19/turn              j - +4 ring of protection

@: no status effects
A: no food or potions, fire vulnerability, cold resistance 1, negative energy
resistance 3, torment resistance, unbreathing
a: Renounce Religion


You were on level 7 of the Dungeon.
You worshipped Vehumet.
Vehumet was aware of your devotion.
You were not hungry.

You visited 2 branches of the dungeon, and saw 8 of its levels.

You collected 455 gold pieces.
You spent 308 gold pieces at shops.

Inventory:

Hand Weapons
 a - a +1 vampiric dagger
 b - a +0 trident (weapon)
Armour
 d - the +1 helmet of the Sky (worn) {MR+}
   (You bought it in a shop on level 5 of the Dungeon)

   It affects your resistance to hostile enchantments.
 e - a cursed +0 pair of boots (worn)
 o - a +1 pair of gloves of dexterity (worn)
 u - a +2 robe of resistance (worn)
Jewellery
 j - a +4 ring of protection (right hand)
 k - a ring of protection from magic (left hand)
Wands
 h - a wand of iceblast (10)
 l - a wand of enslavement (8)
 r - a wand of random effects (17)
Scrolls
 c - 2 scrolls of magic mapping {!r}
 f - 5 scrolls of remove curse {!r}
 g - 2 scrolls of fear {!r}
 i - 3 scrolls of identify {!r}
 m - 2 scrolls of noise {!r}
 n - a scroll of blinking {!r}
 p - 6 scrolls of teleportation {!r}
 q - a scroll of enchant armour {!r}
 s - 2 scrolls of amnesia {!r}
 t - a scroll of vulnerability {!r, unknown}


   Skills:
 - Level 4.0 Fighting
 - Level 5.3 Dodging
 - Level 1.5 Stealth
 * Level 11.7 Spellcasting
 - Level 0.7 Conjurations
 - Level 0.7 Summonings
 - Level 0.7 Translocations


You had 11 spell levels left.
You knew the following spells:

 Your Spells              Type           Power        Failure   Level  Hunger
a - Magic Dart            Conj           ###.         4%          1    N/A
b - Call Imp              Summ           ###.....     6%          2    N/A
c - Confuse               Hex            ##......     16%         3    N/A
d - Dazzling Spray        Conj/Hex       ##....       14%         3    N/A
e - Mephitic Cloud        Conj/Pois/Air  ##......     14%         3    N/A
s - Conjure Flame         Conj/Fire      ##......     14%         3    N/A
v - Blink                 Tloc           N/A          6%          2    N/A
w - Tukima's Dance        Hex            ##......     16%         3    N/A

Your spell library contained the following spells:

 Spells                   Type           Power        Failure   Level  Hunger
 Slow                     Hex            ##......     9%          2    N/A
 Ensorcelled Hibernation  Hex/Ice        ##....       9%          2    N/A
 Corona                   Hex            ##.....      5%          1    N/A

Dungeon Overview and Level Annotations

Branches:
Dungeon (7/15)             Temple (1/1) D:6

Altars:
Ashenzari
Cheibriados
Elyvilon
Hepliaklqana
Makhleb
Okawaru
Sif Muna
Trog
Uskayaw
Vehumet
Xom
Yredelemnul
The Shining One

Shops:
D:5 [

Annotations:
D:7 3 runed doors, Harold; lurker's ghost, novice GnFi


Innate Abilities, Weirdness & Mutations

You do not eat or drink.
Your flesh is vulnerable to fire.
You are immune to poison.
Your flesh is cold resistant. (rC+)
You are immune to negative energy. (rN+++)
You are immune to unholy pain and torment.
You can survive without breathing.


Message History

You shout for attention!
You hear a shout!
You start resting.
Magic restored.
You start waiting.
Harold is too close now for your liking.
Casting: Magic Dart (safe; 4% risk of failure)
Confirm with . or Enter, or press ? or * to list all spells.
Aiming: Conjure Flame (safe; 14% risk of failure)
Press: ? - help, Dir - move target cursor, f - you
Okay, then.
What are your orders? t - Shout!
Orders for allies: a - Attack new target. r - Retreat! s - Stop attacking. g - Guard the area. f - Follow me.
Anything else - Cancel.
You shout for attention!
Casting: Conjure Flame (safe; 14% risk of failure)
Confirm with . or Enter, or press ? or * to list all spells.
Aiming: Conjure Flame (safe; 14% risk of failure)
Press: ? - help, Dir - move target cursor The fire ignites!
Harold is engulfed in blazing flames.
Harold hits you with a trident.
You closely miss Harold.
Harold is lightly wounded.
Harold is engulfed in blazing flames.
Harold hits you with a trident!
You puncture Harold!
Harold is moderately wounded.
Harold is engulfed in blazing flames.
Harold hits you with a trident!
You hit Harold but do no damage.
Harold is heavily wounded.
Harold is engulfed in blazing flames.
Harold hits you with a trident!!
* * * LOW HITPOINT WARNING * * *
Evoke which item? (* to show all) (? for menu, Esc to quit)
Aiming: Enslavement
Press: ? - help, Shift-Dir - straight line, f - Harold
Aim: Harold, wielding a trident and wearing a glowing scale mail (flame, heavily wounded, chance to defeat MR: 15%) Harold resists with almost no effort.
Harold is engulfed in blazing flames.
Harold hits you but does no damage. Harold hits you but does no damage.
Evoke which item? (* to show all) (? for menu, Esc to quit)
Aiming: Iceblast
Press: ? - help, Shift-Dir - straight line, f/p - Harold
Aim: Harold, wielding a trident and wearing a glowing scale mail (severely wounded)
The mass of ice explodes!
The iceblast engulfs Harold.
Harold is severely wounded.
Harold hits you from afar with a trident!
* * * LOW HITPOINT WARNING * * *
Evoke which item? (* to show all) (? for menu, Esc to quit)
Aiming: Iceblast
Press: ? - help, Shift-Dir - straight line, f/p - Harold
Aim: Harold, wielding a trident and wearing a glowing scale mail (severely wounded)
The mass of ice explodes!
The iceblast engulfs Harold.
Harold is severely wounded.
Harold barely misses you.
Evoke which item? (* to show all) (? for menu, Esc to quit)
Aiming: Iceblast
Press: ? - help, Shift-Dir - straight line, f/p - Harold
Aim: Harold, wielding a trident and wearing a glowing scale mail (severely wounded)
The mass of ice explodes!
The iceblast engulfs Harold.
Harold is almost dead.
Harold gestures at you while chanting. The harpoon shot hits you!
You die...

#.##..###.#.#.....@.#.#.#
#...........#.......#.#.#
#####.#.#)............#.#
#.........#..@.[###.#
###.#########.### #.# #.#
#######.#####.# #.#
#.@..........!# #.#
#.#####.####..# #.# #@#
##.####..#### #.# #.#
#...........# #.# #.#
#..####..##.# #.###.##
#..####..##.#
#.##.>.###...........#
#.#.#.#.##.#####......
#..........# #.#####
###.#.#.#### #.# ##...##
#.#


You could see Harold.

Vanquished Creatures
  A hungry ghost (D:6)
  An orc warrior (D:7)
  2 sky beasts (D:5)
  An ogre (D:5)
  A phantom (D:7)
  3 centaurs
  A scorpion (D:7)
  5 killer bees (D:7)
  4 wights (D:6)
  A howler monkey (D:4)
  A crimson imp (D:7)
  A centaur skeleton (D:5)
  11 orc wizards
  2 orc priests
  A hound (D:4)
  2 bullfrog skeletons
  A hound zombie (D:6)
  A howler monkey skeleton (D:4)
  6 gnolls
  10 adders
  2 shadow imps
  An ooze (D:7)
  2 adder skeletons
  2 worms
  A dart slug (D:2)
  3 leopard geckos
  19 orcs
  2 ball pythons
  4 giant cockroaches
  11 hobgoblins
  5 jackals
  9 quokkas
  4 bats
  3 frilled lizards
  15 goblins
  4 kobolds
  A leopard gecko skeleton (D:4)
  3 rats
  A spectral orc (D:2)
148 creatures vanquished.

Vanquished Creatures (collateral kills)
  An ogre (D:5)
  A bullfrog (D:4)
  2 crimson imps
  A hound skeleton (D:4)
  A howler monkey zombie (D:6)
  A worm (D:2)
  3 orcs
  A goblin (D:3)
  A hobgoblin (D:3)
  4 jackals (D:2)
16 creatures vanquished.

Grand Total: 164 creatures vanquished

Notes
Turn   | Place    | Note
-------+----------+-------------------------------------------
     0 | D:1      | Amnesiac the Mummy Wizard began the quest for the Orb.
     0 | D:1      | Reached XP level 1. HP: 13/13 MP: 5/5
   590 | D:1      | Reached XP level 2. HP: 20/20 MP: 0/7
   594 | D:1      | Learned a level 2 spell: Call Imp
   597 | D:1      | Learned a level 2 spell: Blink
  1077 | D:3      | HP: 1/20 [hobgoblin (3)]
  1391 | D:4      | Noticed a bullfrog
  1485 | D:4      | Killed a bullfrog
  1485 | D:4      | Reached skill level 1 in Fighting
  1485 | D:4      | Reached XP level 3. HP: 14/26 MP: 2/9
  1490 | D:4      | Learned a level 3 spell: Conjure Flame
  1494 | D:4      | Learned a level 3 spell: Mephitic Cloud
  2191 | D:4      | Found a deep blue altar of Sif Muna.
  2193 | D:4      | Found a snail-covered altar of Cheibriados.
  2273 | D:4      | Reached XP level 4. HP: 32/32 MP: 8/10
  2406 | D:4      | Reached skill level 5 in Spellcasting
  2406 | D:4      | Reached XP level 5. HP: 38/38 MP: 0/12
  2625 | D:5      | Entered Level 5 of the Dungeon
  2835 | D:5      | Noticed a sky beast
  2857 | D:5      | Killed a sky beast
  2899 | D:5      | Noticed a sky beast
  3069 | D:5      | Killed a sky beast
  3069 | D:5      | Reached XP level 6. HP: 21/47 MP: 3/13
  3530 | D:5      | Reached skill level 5 in Dodging
  3530 | D:5      | Reached XP level 7. HP: 53/53 MP: 7/14
  3924 | D:4      | Became a worshipper of Sif Muna the Loreminder
  4743 | D:2      | Found a basalt altar of Yredelemnul.
  4782 | D:2      | Noticed a dagger
  4783 | D:2      | Found a hide-covered altar of Uskayaw.
  4783 | D:2      | Noticed a dagger
  4832 | D:2      | Found a burning altar of Makhleb.
  4832 | D:2      | Found a shimmering altar of Xom.
  5041 | D:2      | Reached skill level 6 in Spellcasting
  6038 | D:4      | Reached * piety under Sif Muna
  6283 | D:5      | Found Geskuj's Antique Armour Emporium.
  6291 | D:5      | Bought a smoking helmet for 209 gold pieces
  6301 | D:5      | Identified the +1 helmet of the Sky {MR+} (You bought it in a shop on level 5 of the Dungeon)
  6302 | D:5      | Bought a pair of boots for 99 gold pieces
  6553 | D:6      | Reached skill level 7 in Spellcasting
  6608 | D:6      | Reached XP level 8. HP: 38/60 MP: 6/19
  6619 | D:6      | Reached skill level 8 in Spellcasting
  6711 | D:6      | Found a staircase to the Ecumenical Temple.
  7098 | Temple   | Entered the Ecumenical Temple
  7391 | Temple   | Fell from the grace of Sif Muna
  7391 | Temple   | Became a worshipper of Vehumet
  7480 | D:7      | Reached skill level 9 in Spellcasting
  7738 | D:7      | Reached skill level 10 in Spellcasting
  7778 | D:7      | Learned a level 3 spell: Confuse
  7782 | D:7      | Learned a level 3 spell: Dazzling Spray
  7786 | D:7      | Learned a level 3 spell: Tukima's Dance
  7837 | D:7      | Noticed lurker's ghost (novice GnFi)
  7937 | D:6      | Reached skill level 11 in Spellcasting
  8180 | D:7      | Found a runed gate.
  8180 | D:7      | Found a runed gate.
  8180 | D:7      | Found a runed gate.
  8227 | D:7      | Reached XP level 9. HP: 65/65 MP: 16/24
  8383 | D:7      | Reached * piety under Vehumet
  8383 | D:7      | Offered knowledge of Flame Tongue by Vehumet.
  8551 | D:7      | Noticed Harold
  8683 | D:7      | Killed from afar by Harold

Vault maps used:
D:1:      minmay_arrival_radiant_lines, serial_bayou, serial_bayou_lagoon_b,
          serial_bayou_pond_c, serial_bayou_crossing, serial_bayou_lagoon_a
D:2:      gammafunk_temple_overflow_elements, dancing_weapons_uskayaw,
          yredelemnul_forgotten_temple_becter, patterned_corridor
D:3:      cheibrodos_greedy_goblins
D:4:      nicolae_overflow_hidden_temple, first_ration
D:5:      serial_shops, shop
D:6:      minmay_temple_entry_statues_fountains, kennysheep_dice
D:7:      gammafunk_ghost_icy, uniq_harold
Temple:   minmay_temple_forest_path

Skill      XL: |  1  2  3  4  5  6  7  8 |
---------------+-------------------------+-----
Dodging        | 2 3 4 5 |  5.3
Fighting       | 1 2 3 4 |  4.0
Spellcasting   | 5 7 11 | 11.7
Stealth        | |  1.5
Conjurations   | |  0.7
Summonings     | |  0.7
Translocations | |  0.7

Action                   |  1- 3 |  4- 6 |  7- 9 || total
-------------------------+-------+-------+-------++-------
Melee: Unarmed           |    13 |       |       ||    13
       Whip              |    76 |    64 |    19 ||   159
       Dagger            |       |       |   292 ||   292
       Trident           |       |       |    58 ||    58
 Cast: Magic Dart        |    24 |    34 |   270 ||   328
       Call Imp          |    35 |    17 |     8 ||    60
       Conjure Flame     |       |     9 |     6 ||    15
       Mephitic Cloud    |       |     6 |    28 ||    34
       Confuse           |       |       |     3 ||     3
Invok: Divine Energy     |       |       |     2 ||     2
Evoke: Wand              |       |       |    22 ||    22
  Use: Scroll            |       |     3 |     8 ||    11
 Stab: Distracted        |       |     1 |     1 ||     2
       Confused          |       |     5 |    25 ||    30
       Sleeping          |       |       |     1 ||     1
Armor: Robe              |    21 |    23 |   118 ||   162
Dodge: Dodged            |    70 |    47 |   271 ||   388

Table legend:
 A = Spawn XP
 B = Non-spawn XP
 C = Spawn XP percentage of total XP
 D = Spawn monster count
 E = Non-spawn monster count
 F = Spawn count percentage of total count
 G = Total turns spent on level
                    A         B        C        D         E        F      G
               +---------+---------+-------+---------+---------+-------+---------
         Total |       0 |    3107 |   0.0 |       0 |     164 |   0.0 |  8683
               +---------+---------+-------+---------+---------+-------+---------
           D:1 |       0 |      32 |   0.0 |       0 |      12 |   0.0 |  1085
           D:2 |       0 |     168 |   0.0 |       0 |      31 |   0.0 |   915
           D:3 |       0 |      85 |   0.0 |       0 |      30 |   0.0 |  1354
           D:4 |       0 |     257 |   0.0 |       0 |      14 |   0.0 |  1530
           D:5 |       0 |     697 |   0.0 |       0 |      24 |   0.0 |  1545
           D:6 |       0 |     763 |   0.0 |       0 |      23 |   0.0 |  1010
           D:7 |       0 |    1105 |   0.0 |       0 |      30 |   0.0 |  1078
               +---------+---------+-------+---------+---------+-------+---------
